Cogmind - Beta 13 @@@ ROGUE MODE // 2024.04.07 @ 12:28:32 Player: jihakuz Result: Destroyed by G-47 Trooper with Particle Gun Performance ------------- Evolutions (1) 500 Regions Visited (2) 400 Robots Destroyed (12) 60 Value Destroyed (349) 349 Prototype IDs (1) 20 Alien Tech Used (0) 0 Bonus (0) 0 TOTAL SCORE: 1329 Bonus ------- None Cogmind --------- Core Integrity 0/400 Matter 257/300 Energy 49/265 System Corruption 1% Temperature Hot (218) Movement Core (50) Location -9/Materials Parts ------- > --- POWER (2) -------- Improved Ion Engine > --- PROPULSION (2) --- (None) > --- UTILITY (2) ------ Advanced Weight Redist. System > --- WEAPON (3) ------- (None) > --- INVENTORY (5) ---- Light Ion Engine Improved Aluminum Leg Improved Aluminum Leg Peak State ------------ > --- POWER ------------ Light Ion Engine Improved Ion Engine > --- PROPULSION ------- Improved Aluminum Leg Improved Aluminum Leg > --- UTILITY ---------- Advanced Weight Redist. System Light Armor Plating > --- WEAPON ----------- Improved EM Shotgun Small Laser Heavy Assault Rifle > --- INVENTORY -------- Light Ion Engine Improved Aluminum Leg Improved Aluminum Leg Assault Rifle Light Assault Rifle [Rating: 17] Favorites ----------- Power Light Ion Engine Engine Light Ion Engine Propulsion Improved Aluminum Leg Treads Light Treads Leg Improved Aluminum Leg Utility Small Storage Unit Device Advanced Weight Redist. System Storage Small Storage Unit Processor Visual Processing Unit Protection Light Armor Plating Weapon Improved EM Shotgun Energy Gun Improved EM Shotgun Ballistic Gun Light Assault Rifle Build | -11 -10 -9 ------- Run | Yrd Mat Mat Slots Evolved 2 | . . 2 Power 1 | . . 1 Propulsion . | . . . Utility . | . . . Weapon 1 | . . 1 Parts Attached 33 | 6 13 14 Power 6 | 1 1 4 Engine 6 | 1 1 4 Core . | . . . Reactor . | . . . Propulsion 7 | 2 4 1 Treads 4 | 2 2 . Leg 3 | . 2 1 Wheel . | . . . Hover . | . . . Flight . | . . . Utility 7 | 1 3 3 Device 2 | . . 2 Storage 3 | 1 2 . Processor 1 | . 1 . Hackware . | . . . Protection 1 | . . 1 Artifact . | . . . Weapon 13 | 2 5 6 Energy Gun 4 | . 4 . Energy Cannon . | . . . Ballistic Gun 9 | 2 1 6 Ballistic Cannon . | . . . Launcher . | . . . Special Weapon . | . . . Impact Weapon . | . . . Slashing Weapon . | . . . Piercing Weapon . | . . . Special Melee Weapon . | . . . Unidentified Prototypes 1 | . 1 . Corrupted Parts 1 | . . 1 System Corruption 1 | . . 1 Parts Lost 9 | . . 9 Power 2 | . . 2 Propulsion 2 | . . 2 Utility 1 | . . 1 Weapon 4 | . . 4 Highest Loss Streak 9 | . . 9 To Critical Strikes . | . . . Average Slot Usage (%) 86 | . 90 77 Engine 13 | . 14 13 Treads 6 | . 9 . Leg 17 | . 17 19 Device 2 | . . 9 Storage 12 | . 16 1 Processor 4 | . 4 5 Energy Gun 18 | . 17 18 Ballistic Gun 8 | . 9 5 Naked Turns . | . . . Heaviest Build 20 | 11 14 20 Greatest Support 40 | 40 40 35 Greatest Overweight (x) 3 | 3 3 . Average Overweight (x) . | . . . Largest Inventory Capacity 8 | 8 8 8 Average Capacity 7 | 7 8 5 Most Carried 7 | 4 7 7 Average Carried 4 | 2 5 4 Final Capacity 8 | 8 8 5 Final Carried 6 | 4 6 3 Class Distribution -------------------- 94% | Mutant 5% | Tank Dominant Class ---------------- Mutant | -10/Materials Mutant | -9/Materials Resources | -11 -10 -9 ----------- Run | Yrd Mat Mat Matter Collected 577 | 203 229 145 Remotely . | . . . Salvage Created 489 | . 137 352 Parts 40 | . 11 29 Haulers Intercepted . | . . . Recyclers Shooed . | . . . Parts Field Recycled . | . . . Retrieved Matter . | . . . Parts Self-Destructed . | . . . Prevented . | . . . Kills | -11 -10 -9 ------- Run | Yrd Mat Mat Combat Hostiles Destroyed 8 | . 2 6 Guns 8 | . 2 6 Classes Destroyed 5 | . 2 3 Builder 1 | . . 1 Tunneler 1 | . . 1 Watcher 2 | . 2 . Grunt 5 | . 2 3 Sentry 3 | . . 3 Best Kill Streak 5 | . 3 5 Combat Bots Only 2 | . 2 2 Max Kills in Single Turn 2 | . 1 2 Gunslinging . | . . . Exploded . | . . . Melee . | . . . Uniques/NPCs Destroyed . | . . . Combat | -11 -10 -9 -------- Run | Yrd Mat Mat Hostile Shots Fired 144 | . 17 127 Missed 26 | . 1 25 Damage Taken 1533 | . 173 1360 Core 442 | . 32 410 Absorbed by Shields . | . . . Core Remaining (%) 93 | 100 87 . Volleys Fired 39 | . 13 26 Largest 3 | . 2 3 Hottest 108 | . 85 108 Shots Fired 80 | . 25 55 Gun 80 | . 25 55 Cannon . | . . . Launcher . | . . . Special . | . . . Kinetic 32 | . . 32 Thermal 27 | . 13 14 Explosive . | . . . Electromagnetic 21 | . 12 9 Robot Hit Streak 7 | . 5 7 Robot Miss Streak 3 | . 2 3 Penetration Max . | . . . Secondary Targets 5 | . 2 3 Max Gunslinging Chain 1 | . 1 1 Shots Hit Robots 51 | . 17 34 Core Hits 25 | . 7 18 Critical Kills . | . . . Critical Parts Destroyed . | . . . Critical Strikes . | . . . Melee Attacks . | . . . Impact . | . . . Slashing . | . . . Piercing . | . . . Sneak Attacks . | . . . Combat Hostiles . | . . . Follow-up Attacks . | . . . Damage Inflicted 737 | . 237 500 Guns 733 | . 237 496 Cannons . | . . . Explosions . | . . . Melee . | . . . Ramming 4 | . . 4 Kinetic 254 | . . 254 Thermal 226 | . 111 115 Explosive . | . . . Electromagnetic 253 | . 126 127 Impact . | . . . Slashing . | . . . Piercing . | . . . Highest Corruption 1 | . . 1 Average Corruption 1 | . . 1 Corruption Purged . | . . . Corruption Blocked . | . . . Overload Shots . | . . . Overflow Damage . | . . . Projectiles . | . . . Explosions . | . . . Melee . | . . . Knockbacks . | . . . Impact . | . . . Kinetic . | . . . Secondary . | . . . Self-Inflicted Damage . | . . . Shots . | . . . Rammed . | . . . Targets Rammed 1 | . . 1 Kicked 1 | . . 1 Crushed . | . . . Highest Temperature 486 | . 222 486 Average Temperature 183 | . 84 240 Received Heat Transfer 747 | . 96 651 Effects 5 | . . 5 Shutdowns 3 | . . 3 Energy Bleed 1 | . . 1 Damage (minor) 1 | . . 1 Siege Activations . | . . . Robots Corrupted . | . . . Combat Hostiles . | . . . Parts Fried . | . . . Impact Corruptions . | . . . Robots Melted . | . . . Combat Hostiles . | . . . Parts Melted 1 | . . 1 Heat Transferred 500 | . 250 250 Parts Sabotaged . | . . . Parts Stolen . | . . . Parts Stripped . | . . . Power Chain Reactions . | . . . Alert | -11 -10 -9 ------- Run | Yrd Mat Mat Peak Influence 141 | . 62 141 Initial 26 | . . 26 Average 32 | . 24 68 Maximum Alert Level . | . . . Low Security (%) 100 | 100 100 100 Level 1 . | . . . Level 2 . | . . . Level 3 . | . . . Level 4 . | . . . Level 5 . | . . . High Security . | . . . Max Security . | . . . Squads Dispatched . | . . . Investigation . | . . . Extermination . | . . . Reinforcement . | . . . Assault . | . . . Garrison . | . . . Intercept . | . . . Searches Triggered . | . . . Construction Impeded . | . . . Haulers Reinforced . | . . . Active Scanning Responses . | . . . Cargo Convoy Interrupts . | . . . Stealth | -11 -10 -9 --------- Run | Yrd Mat Mat Distress Signals 3 | . 1 2 Communications Jammed . | . . . Distress Signals . | . . . Times Spotted 18 | . 5 13 Peak Tracking Total 7 | . 3 7 Tactical Retreats . | . . . Traps | -11 -10 -9 ------- Run | Yrd Mat Mat Traps Triggered 2 | . 2 . Indirectly . | . . . Trap Hack Attempts . | . . . Triggered . | . . . Disarmed . | . . . Reprogrammed . | . . . Reused . | . . . Traps Extracted . | . . . Installed . | . . . Triggered . | . . . Machines | -11 -10 -9 ---------- Run | Yrd Mat Mat Machines Disabled . | . . . Max in Single Turn . | . . . Machines Repaired . | . . . Machines Dismantled . | . . . Machines Sabotaged . | . . . Overloaded Fab Kills . | . . . Hacking | -11 -10 -9 --------- Run | Yrd Mat Mat Machines Accessed 1 | . 1 . Terminals 1 | . 1 . Fabricators . | . . . Repair Stations . | . . . Recycling Units . | . . . Scanalyzers . | . . . Garrison Access . | . . . Total Hacks 2 | . 2 . Successful 1 | . 1 . Failed 1 | . 1 . Catastrophic . | . . . Database Lockouts . | . . . Manual . | . . . Terminals 2 | . 2 . Fabricators . | . . . Repair Stations . | . . . Recycling Units . | . . . Scanalyzers . | . . . Garrison Access . | . . . Terminal Hacks 1 | . 1 . Alert Level 1 | . 1 . Fabricator Hacks . | . . . Repair Station Hacks . | . . . Recycling Unit Hacks . | . . . Scanalyzer . | . . . Garrison Access Hacks . | . . . Unauthorized Hacks . | . . . Terminals . | . . . Fabricators . | . . . Repair Stations . | . . . Recycling Units . | . . . Scanalyzers . | . . . Garrison Access . | . . . Data Cores Recovered . | . . . Used . | . . . Hacking Detections . | . . . Full Trace Events . | . . . Feedback Events . | . . . Feedback Blocked . | . . . Robot Schematics Acquired . | . . . Robots Built . | . . . Authchips . | . . . Time . | . . . Total Robot Build Rating . | . . . Part Schematics Acquired . | . . . Parts Built . | . . . Authchips . | . . . Time . | . . . Total Part Build Rating . | . . . Parts Repaired . | . . . Time . | . . . Parts Recycled . | . . . Recycled Matter . | . . . Retrieved Matter . | . . . Retrieved Components . | . . . Parts Scanalyzed . | . . . Part Schematics Acquired . | . . . Parts Damaged . | . . . Bothacking | -11 -10 -9 ------------ Run | Yrd Mat Mat Used RIF Installer . | . . . Robots Hacked . | . . . Non-combat . | . . . Combat . | . . . Robot Hacks Applied . | . . . Relay Couplers Released . | . . . Fabnet Peak Effective % . | . . . Robots Rewired . | . . . Allies Hacked . | . . . Hacks Repelled . | . . . Allies | -11 -10 -9 -------- Run | Yrd Mat Mat Total Allies . | . . . Largest Group . | . . . Highest-Rated Group . | . . . Highest-Rated Ally . | . . . Total Orders . | . . . Ally Attacks . | . . . Total Damage . | . . . Kills . | . . . Allies Corrupted . | . . . Allies Melted . | . . . Intel | -11 -10 -9 ------- Run | Yrd Mat Mat Robot Analysis Total . | . . . Derelict Logs Recovered . | . . . Drone Launches . | . . . Drone Recoveries . | . . . Exploration | -11 -10 -9 ------------- Run | Yrd Mat Mat Turns Passed 1062 | 131 671 260 Spaces Moved 656 | 75 448 133 Core 38 | 26 3 9 Treads 201 | 49 152 . Legs 417 | . 293 124 Wheels . | . . . Hover . | . . . Flight . | . . . Fastest Speed 50 | 50 120 50 Average Speed 133 | 158 134 115 Slowest Speed 200 | 200 200 120 Overloaded Moves . | . . . Propulsion Burnouts . | . . . Robots Hopped . | . . . Cave-ins Triggered . | . . . Exploration Rate (%) 21 | 5 45 15 Regions Visited 2 Branch Regions . Pre-discovered Areas . | . . . Known Exits Taken . | . . . Unknown Exits Taken 2 | 1 1 . Scrap Searched . | . . . Spaces Dug . | . . . Terrain Destroyed . | . . . Melee . | . . . Projectile . | . . . AOE . | . . . Terrain Rammed . | . . . Walls Destroyed . | . . . Machines Disabled . | . . . Actions | -11 -10 -9 --------- Run | Yrd Mat Mat Total 772 | 84 493 195 Wait 11 | . . 11 Move 654 | 74 447 133 Hop . | . . . Pick Up 11 | 4 6 1 Fast Attach 20 | 6 8 6 Attach 6 | . 3 3 Detach 7 | . 6 1 Swap 7 | . 2 5 Drop 16 | . 8 8 Fire 39 | . 13 26 Melee . | . . . Ram . | . . . Kick 1 | . . 1 Crush . | . . . Escape Stasis . | . . . Rewire . | . . . Trap . | . . . Miscellaneous . | . . . Route ------- -11/Scrapyard -10/Materials (discovered 2 exits: [*Mat] / [*Min]) -9/Materials (discovered 2 exits: [*Min x2]) History --------- Turn | Location | Event 43 | -11/Scrapyard | Discovered new exit (range 15) 132 | -11/Scrapyard | Entered Materials 304 | -10/Materials | Build established: Mutant 561 | -10/Materials | Discovered new exit (range 11) 676 | -10/Materials | Discovered new exit (range 8) 803 | -10/Materials | Entered another Materials area 803 | -9/Materials | Evolved 2 slots: Power x1, Weapon x1 803 | -9/Materials | Discovered new exit (range 7) 990 | -9/Materials | Discovered new exit (range 15) 1033 | -9/Materials | Core integrity fell below 50% 1052 | -9/Materials | Core integrity fell below 20% 1063 | -9/Materials | Destroyed by G-47 Trooper with Particle Gun Last Messages --------------- G-34 Mercenary destroyed. Autogun destroyed. Hvy. Assault Rifle destroyed. Imp. Ion Engine destroyed. T-07 Excavator destroyed. Imp. Aluminum Leg destroyed. Acquired Assault Rifle. Y-45 Defender destroyed. Switching to secondary target: G-47 Trooper. R-06 Scavenger collects Wheel. Overheating: Assault Rifle damaged (-11). R-06 Scavenger collects Sml. Laser. Assault Rifle destroyed. R-06 Scavenger collects Imp. EM Shotgun. R-06 Scavenger collects Corrupted Hvy. Assault Rifle. Acquired Imp. Ion Engine. Critical hit (Burn: +37). Lgt. Assault Rifle destroyed. Acquired 56 matter. Map ----- +----------------------------------------------------+ | ?????????????????????????????????????######+###### | | ??????????????????????????????????? | | ??????????????????????????????????? | | ??????????????????????????????????? | | ?????????????????????????????????????############# | | ???????????????????????????????????????????????# | | ????????????????????????????????? ?????????? # | | ??????????????????????????????? #????? # " | | ???????????????????????????????" #?????""" # " | | ???????????????????????????????" #?????""" # " | | ???????????????????????????????" +?????""" # | | ??????????????????????????????? #????? ?# | | ???????????????????????????????? = ?????? ?# | | ????????????????????????????????# #?????? ?### | | ????????????????????????????????# #??????#+#???# | | ????????????????????????????????# #??????# #???# | | ????????????????????????????????# #??????# #???# | | ?????????????????????#######???## ##???### ###?# | | ?????????????????????# ##### ##### ### | | ?????????????????????# | | ?????????????????????# = T %= | | ?????????????????????# |% % % != | | ?????????????????????# ##### ##### ### | | ?????????????????????## ##???#######???## ##?# | | ??????????????????????#!==#???????????????# #??# | | ??????????????????????#gg@#???????????????# +??? | | ??????????????????????#*[=#???????????????# #??? | | ??????????????????????#%[!#???????????????# +??? | | ??????????????????????#=%!#???????????????#####??? | | ??????????????????????# %!#??????????????????????? | | ??????????????????????+ = +??????????????????????? | | ??????????????????????# b #??????????????????????? | | ??????????????????????#g g#??????????????????????? | | ?????????????????????? ??????????????????????? | | ?????????????????????? ??????????????????????? | | ?????????????????????? ??????????????????????? | | ?????????????????????# < ??????????????????????? | | ?????????????????????# ??????????????????????? | | ?????????????????????# ??????????????????????? | | ?????????????????????# ??????????????????????? | | ??????????????????????? a#??????????????????????? | | ?????????????????????????????????????????????????? | | ?????????????????????????????????????????????????? | | ?????????????????????????????????????????????????? | | ?????????????????????????????????????????????????? | | ?????????????????????????????????????????????????? | | ?????????????????????????????????????????????????? | | ?????????????????????????????????????????????????? | | ?????????????????????????????????????????????????? | | ?????????????????????????????????????????????????? | +----------------------------------------------------+ Best States ------------- Heat Dissipation 28 Energy Generation 17 Energy Capacity 290 Matter Stores 362 Matter Capacity 400 Sight Range 18 Terrain Scan Density 10 Additional Mass Support 9 Armor Coverage 150 Evasion (%) 55 Recoil Reduction 2 Item Schematics ----------------- None Robot Schematics ------------------ None Fabricated ------------ Nothing Alien Tech Used ----------------- None Achievements -------------- None Challenges ------------ None Game ------ Seed ElectronConcussiveExpander Manual? 0 Play Time 00:14:03 Cumulative 2.0 hours Start 2024.04.07 @ 12:18:02 End 2024.04.07 @ 12:28:32 Sessions 1 Manual Loads 0 Difficulty Rogue Special Mode None Game No. 4 Rogue 4 Adventurer 0 Explorer 0 Win Type - Total 0 Types 0/0/0/0/0/0/0/0/0 Lore% 0 Gallery% 7 Achievement% 7 Wizard Run 0 Options --------- Layout 1 ASCII 1 Keyboard 1 Movement Arrows Keybinds 0 Fullscreen 1 Font 24/Proggy Map View 50x35 Zoom Use 0% Tactical HUD 0 Map Filters NONE Filters NONE Steam 0 RUN: f0209d85-facc-48ce-b102-3cde3869feaf